Map: Prion Terraces

Players

schoolmaster - Winner!

  • Race: Zerg Zerg
  • League: Diamond

LilDicky

  • Race: Terran Terran
  • League: Diamond

VOD

http://www.twitch.tv/tumescentpie

Description

Time

  • Played on: Nov. 23, 2015, 3:54 p.m.
  • Length: 2:40
Show
View Real Time Build Order
Export as new Build Order

schoolmaster Zerg - Winner!

Build Orders: Pool Only 

Get SALT Encoding   

  12  0:01  Drone  
  13  0:16  Extractor  
  12  0:25  Spawning Pool  
  11  0:29  Drone  
  11  0:33  Drone  
  13  0:40  Drone  
  14  0:49  Overlord  
  14  1:13  Zergling x6  
  17  1:19  Metabolic Boost  
  17  1:27  Zergling x2  
  18  1:35  Zergling x2  
  19  1:40  Baneling Nest  
  18  1:48  Zergling x2  
  18  1:52  Queen  
  21  1:58  Zergling x2  
  22  2:19  Overlord  
Show
View Real Time Build Order
Export as new Build Order

LilDicky Terran 

Build Orders:  

Get SALT Encoding   

  12  0:01  SCV  
  13  0:13  SCV  
  14  0:18  Supply Depot  
  14  0:25  Refinery  
  14  0:27  SCV  
  15  0:40  SCV  
  16  0:46  Barracks  
  16  0:52  SCV  
  17  1:04  SCV  
  18  1:17  SCV  
  19  1:32  SCV  
  20  1:36  Reaper  
  21  1:44  Command Center  
  21  1:48  Orbital Command  
  21  1:55  Supply Depot  
  21  2:02  Refinery  
  21  2:08  Reaper  
  21  2:26  Factory  
Tags
 
Add a new tag
Caveats
  • Supply blocks, unpowered buildings, or Contaminate may cause inaccurate times.
  • Supply counts are checked every 10 seconds.